 Dungeon Crawl Stone Soup version 0.15.2 (webtiles) character file.

35 kae the Firebug (level 3, 0/19 HPs)
             Began as a Tengu Fire Elementalist on Dec 28, 2014.
             Slain by a jackal (3 damage)
             ... on Level 1 of the Dungeon.
             The game lasted 00:01:26 (1651 turns).

kae the Firebug (Tengu Fire Elementalist)           Turns: 1651, Time: 00:01:26

HP   0/19        AC  2     Str  8      XL: 3   Next: 33%
MP   3/7         EV 12     Int 16      God:
Gold 81          SH  0     Dex 14      Spells:  1 memorised,  5 levels left

rFire  . . .     SeeInvis .     (no weapon)
rCold  . . .     Clarity  .     a - +0 robe
rNeg   . . .     rCorr    .     (no shield)
rPois  .         rRot     .     (helmet restricted)
rElec  .         Spirit   .     (no cloak)
SustAb .         Warding  .     (no gloves)
rMut   .         Rnd*Tele +     (boots unavailable)
Gourm  .                        (no amulet)
MR     .....                    (no ring)
                                d - cursed ring of teleportation

@: not resistant to hostile enchantments, unstealthy
A: beak, talons 3
a: Evoke Teleportation


You were on level 1 of the Dungeon.
You were near starving.

You visited 1 branch of the dungeon, and saw 1 of its levels.

You collected 81 gold pieces.

Inventory:

Armour
 a - a +0 robe (worn)
Comestibles
 c - a bread ration
Scrolls
 e - 2 scrolls of teleportation {unknown}
 j - a scroll of identify {unknown}
Jewellery
 d - a cursed ring of teleportation (left hand)
Potions
 f - a potion of cure mutation {unknown}
 g - a potion of confusion {unknown}
 h - a potion of magic {unknown}
 i - a potion of agility {unknown}
Books
 b - a book of Flames

   Spells                             Type                      Level
   *Flame Tongue                      Conjuration/Fire             1
   Throw Flame                        Conjuration/Fire             2
   Conjure Flame                      Conjuration/Fire             3
   Inner Flame                        Hexes/Fire                   3
   Sticky Flame                       Conjuration/Fire             4
   Fireball                           Conjuration/Fire             5


   Skills:
 - Level 2.1 Dodging
 - Level 2.0 Stealth
 + Level 2.2 Spellcasting
 * Level 2.4 Conjurations
 * Level 4.1 Fire Magic


You had 5 spell levels left.
You knew the following spells:

 Your Spells              Type           Power        Failure   Level  Hunger
a - Flame Tongue          Conj/Fire      ##...        8%          1    #......


Dungeon Overview and Level Annotations

Branches:
Dungeon (1/15)

Altars:


Innate Abilities, Weirdness & Mutations

You have a beak for a mouth.
You have claws for feet.


Message History

You are too injured to fight recklessly!
You are too injured to fight recklessly!
You are too injured to fight recklessly!
You are too injured to fight recklessly!
The jackal bites you but does no damage.
The jackal barely misses you. The jackal bites you.
* * * LOW HITPOINT WARNING * * *
You see here a giant cockroach corpse.
There are no objects that can be picked up here. a giant cockroach corpse The jackal pauses to sniff the ground.
The jackal closely misses you. The jackal barely misses you.
Your magical contamination has completely faded away.
The jackal misses you. The jackal bites you.
* * * LOW HITPOINT WARNING * * *
The jackal pauses to sniff the ground.
The jackal bites you.
You die...

#........##...##....##..####.##.#
.........############........##.#
%#####...######.#........######.#
...###....#............(......#.#
.......................>...#.##.#
.##.#####.#.##.##.##.#.......##.#
.##.#####+#.#...#.##.%...#...##.#
.##.........#..##.h...........#.#
.%.#........#...@h.h..##h##...#.#
...#........#....####.##.## .#.#
...#........#.....# #.....# #.#
..................#############.#
...........##........%..........#
....#............################
....#..##...#........#
....##+##...#...####.#
..........###......#.#


You could see 3 jackals.

Vanquished Creatures
  A giant gecko (D:1)
  An ooze (D:1)
  5 bats (D:1)
  A giant cockroach (D:1)
  4 goblins (D:1)
  2 hobgoblins (D:1)
  5 jackals (D:1)
  5 kobolds (D:1)
  3 giant newts (D:1)
  2 rats (D:1)
29 creatures vanquished.

Notes
Turn   | Place    | Note
--------------------------------------------------------------
     0 | D:1      | kae, the Tengu Fire Elementalist, began the quest for the Orb.
     0 | D:1      | Reached XP level 1. HP: 10/10 MP: 3/3
   148 | D:1      | Reached XP level 2. HP: 4/15 MP: 3/5
   825 | D:1      | Reached skill level 4 in Fire Magic
   987 | D:1      | Reached XP level 3. HP: 7/19 MP: 7/7
  1651 | D:1      | Slain by a jackal

Action                   || total
-------------------------++-------
Melee: Unarmed           ||    65
 Cast: Flame Tongue      ||    31
 Stab: Sleeping          ||     1
  Eat: Chunk             ||     1
